 Dungeon Crawl Stone Soup version 0.31.0-12-g77e489cdc1 (webtiles) character file.

Game seed: 11060074740803566067

1036 spaghetti the Grave Robber (level 8, -4/62 HPs)
             Began as a Demonspawn Necromancer on Mar 1, 2024.
             Slain by a slime creature (13 damage)
             ... on level 5 of the Dungeon.
             The game lasted 00:04:55 (4477 turns).

spaghetti the Grave Robber (Demonspawn Necromancer) Turns: 4477, Time: 00:04:55

Health: -4/62      AC:  3    Str:  5 (7)  XL:     8   Next: 4%
Magic:  0/15       EV: 12    Int: 17      God:
Gold:   340        SH:  4    Dex: 10 (12) Spells: 16/17 levels left

rFire   . . .        j - +3 dagger (flame)
rCold   . . .        (no shield)
rNeg    . . .        a - +0 robe
rPois   .            f - +0 helmet
rElec   .            (no cloak)
rCorr   .            (no gloves)
SInv    .            (no boots)
Will    +....        (no amulet)
Stlth   ++           (no ring)
HPRegen 0.30/turn    (no ring)
MPRegen 0.28/turn

%: guardian spirit
@: mighty, enlightened, flying
A: magic shield, magic regeneration, condensation shield, clumsy 1, sense
surroundings 1, weak 1, devolution 1
a: no special abilities


You were on level 5 of the Dungeon.
You visited 1 branch of the dungeon, and saw 5 of its levels.

You collected 340 gold pieces.

Inventory:

Hand Weapons
 j - a +3 dagger of flaming (weapon)
Missiles
 o - a throwing net
Armour
 a - a +0 robe (worn)
 f - a +0 helmet (worn)
Jewellery
 k - a ring of flight
 n - a ring of poison resistance
Scrolls
 e - a scroll of torment
 g - a scroll of fog
 i - 3 scrolls of teleportation
 l - a scroll of amnesia
Potions
 b - a potion of magic
 c - a potion of mutation
 r - a potion of might


   Skills:
 + Level 5.2 Fighting
 - Level 1.7 Dodging
 - Level 1.7 Stealth
 + Level 5.2 Spellcasting
 + Level 7.3 Necromancy


You had 16 spell levels left.
You knew the following spells:

 Your Spells              Type           Power      Damage    Failure   Level
a - Necrotise             Necr           100%       1d9       1%          1

Your spell library contained the following spells:

 Spells                   Type           Power      Damage    Failure   Level
 Vampiric Draining        Necr           29%        2d8       1%          3
 Kiss of Death            Conj/Necr      64%        2d10      3%          1
 Animate Dead             Necr           29%        N/A       7%          4
 Dispel Undead            Necr           29%        3d13      7%          4
 Curse of Agony           Necr           29%        N/A       19%         5
 Static Discharge         Conj/Air       8%         3-4/arc   22%         2
 Confusing Touch          Hex            4%         N/A       38%         3
 Frozen Ramparts          Ice            8%         1d2       38%         3
 Summon Ice Beast         Ice/Summ       4%         N/A       38%         3
 Airstrike                Air            2%         2d(1-17)  80%         4
 Leda's Liquefaction      Alch/Erth      2%         N/A       80%         4
 Petrify                  Alch/Erth      4%         N/A       80%         4
 Summon Lightning Spire   Summ/Air       4%         N/A       80%         4
 Metabolic Englaciation   Hex/Ice        2%         N/A       98%         5
 Summon Mana Viper        Hex/Summ       4%         N/A       98%         5
 Monstrous Menagerie      Summ           2%         N/A       100%        7


Dungeon Overview and Level Annotations

Branches:
Dungeon (5/15)
 Temple: D:4-7

Altars:
Cheibriados
Hepliaklqana
Makhleb
Xom
Yredelemnul

Shops:
D:3 (


Innate Abilities, Weirdness & Mutations

When hurt, damage is shared between your health and your magic reserves.
You regenerate magic rapidly.
A meltable shield of frost defends you. (SH +4)
You are clumsy. (Dex -2)
You passively map a small area around you.
You are weak. (Str -2)
You have hidden genetic defects.


Message History

You puncture the jelly! You burn the jelly!
You kill the jelly!
You feel your intelligence returning.
You have reached level 8!
You feel agile.
You start resting.
A slime creature comes into view.
A slime creature is nearby!
A slime creature is nearby!
A slime creature is nearby!
You reach down and close the door.
You hear a distant slurping noise.
The door mysteriously vanishes.
A jelly comes into view.
There are monsters nearby!
There are monsters nearby!
The jelly quivers.
The slime creature quivers.
You puncture the jelly! You burn the jelly.
Your hands burn!
The jelly is almost dead.
You block the jelly's attack.
You puncture the jelly! You burn the jelly.
You kill the jelly!
You puncture the slime creature! You burn the slime creature.
The slime creature is lightly wounded.
The slime creature hits you!
* * * LOW HITPOINT WARNING * * *
An endoplasm comes into view.
You hit the slime creature. You burn the slime creature.
The slime creature is moderately wounded.
The slime creature hits you!
* * * LOW HITPOINT WARNING * * *
Unknown command.
You feel better. The slime creature hits you!
* * * LOW HITPOINT WARNING * * *
You feel a genetic drift.
You feel weaker.
You hit the slime creature. You burn the slime creature.
The slime creature is moderately wounded.
The slime creature hits you!
You die...

.# #.# ##[)...## *
####.. .# #.#
#.......# ...... .#
#.# #.......#
####.. .# #.#
#.......###### ##.
.# #.#
#.....).##..>#####.
.# #.# #....####
#......†. .# #.#
#....'..####.#####.
.# #.#
########.###.######
.# #.#
*#@..)..###........
.# #.#####
#J####### ##.######
.## #.....##.J ,,
##.######
..############÷., ,
, , #.......#
.#.#........##.. ,
##..###.#
.#.#.#########÷P ,
#..#.##.# .....#
#.P #.#......
..#### #.P
*##....... ###
#...#....


You could see a slime creature and an endoplasm.

Vanquished Creatures
  A slime creature (D:5)
  An ogre (D:4)
  A kobold brigand (D:5)
  A necrophage (D:5)
  A scorpion (D:5)
  A bullfrog zombie (D:4)
  2 hounds
  An orc priest (D:3)
  2 jellies (D:5)
  2 iguanas (D:5)
  A sleepcap (D:5)
  A scorpion zombie (D:4)
  A hound zombie (D:4)
  A hound skeleton (D:5)
  8 gnolls
  7 adders
  An adder zombie (D:4)
  4 ribbon worms
  A dart slug (D:4)
  10 orcs
  5 bats
  3 endoplasms
  2 giant cockroaches
  4 goblins
  6 hobgoblins
  3 jackals (D:5)
  11 kobolds
  A quokka (D:4)
  8 ball pythons
  A frilled lizard (D:1)
  5 rats
97 creatures vanquished.

Vanquished Creatures (collateral kills)
  A ball python (D:2)
  An endoplasm (D:1)
  A hobgoblin (D:1)
  A rat (D:2)
4 creatures vanquished.

Vanquished Creatures (others)
  2 black bears (D:4)
  A ball python (D:4)
  A quokka (D:5)
4 creatures vanquished.

Grand Total: 105 creatures vanquished

Notes
Turn   | Place    | Note
-------+----------+-------------------------------------------
     0 | D:1      | spaghetti the Demonspawn Necromancer began the quest for
                  | the Orb.
     0 | D:1      | Reached XP level 1. HP: 13/13 MP: 3/3
   230 | D:1      | Gained mutation: You regenerate magic rapidly. [demonic
                  | ancestry]
   230 | D:1      | Reached XP level 2. HP: 20/20 MP: 3/5
   387 | D:1      | Reached skill level 1 in Fighting
  1096 | D:2      | Gained mutation: When hurt, damage is shared between your
                  | health and your magic reserves. [demonic ancestry]
  1096 | D:2      | Reached XP level 3. HP: 26/26 MP: 4/6
  1944 | D:3      | Reached skill level 5 in Necromancy
  1944 | D:3      | Reached XP level 4. HP: 33/33 MP: 5/8
  2104 | D:3      | Reached XP level 5. HP: 22/39 MP: 1/9
  2215 | D:3      | Found Zofemmal's Weapon Boutique.
  2410 | D:3      | Found a hazy altar of Hepliaklqana.
  2689 | D:4      | Noticed an ogre
  2701 | D:4      | Killed an ogre
  2702 | D:4      | Gained mutation: A meltable shield of frost defends you.
                  | (SH +4) [demonic ancestry]
  2702 | D:4      | Reached XP level 6. HP: 23/47 MP: 0/11
  2830 | D:4      | Found a shimmering altar of Xom.
  3003 | D:4      | Reached skill level 6 in Necromancy
  3247 | D:4      | Found a basalt altar of Yredelemnul.
  3576 | D:5      | Entered Level 5 of the Dungeon
  3640 | D:5      | Reached XP level 7. HP: 48/54 MP: 7/13
  3918 | D:5      | Found a snail-covered altar of Cheibriados.
  4015 | D:5      | Found a burning altar of Makhleb.
  4451 | D:5      | Noticed a slime creature
  4459 | D:5      | Gained mutation: You have hidden genetic defects. [potion
                  | of mutation]
  4459 | D:5      | Gained mutation: You are clumsy. (Dex -2) [potion of
                  | mutation]
  4459 | D:5      | Gained mutation: You passively map a small area around you.
                  | [potion of mutation]
  4468 | D:5      | Killed a slime creature
  4469 | D:5      | Reached skill level 5 in Fighting
  4469 | D:5      | Reached skill level 5 in Spellcasting
  4469 | D:5      | Reached skill level 7 in Necromancy
  4470 | D:5      | Reached XP level 8. HP: 21/62 MP: 6/15
  4470 | D:5      | Noticed a slime creature
  4476 | D:5      | Gained mutation: You are weak. (Str -2) [hidden defects]
  4477 | D:5      | Slain by a slime creature

Illustrated notes

Levels and vault maps discovered:
D:1:      nagdon_arrival_double_spiral, layout_basic, hex_medium
D:2:      layout_basic
D:3:      layout_rooms, mainiacjoe_overflow_brackets, serial_shops,
          nicolae_shop_pleasant_corner_grove
D:4:      layout_basic, xom_confusion_cloud, nicolae_yredelemnul_corpse_copse
D:5:      cheibrodos_fertilizer, layout_loops_ring, slow_altar_1,
          makhleb_blood_cavern_becter, elyvilon_altar_4, uniq_crazy_yiuf_cottage

Skill      XL: |  1  2  3  4  5  6  7 |
---------------+----------------------+-----
Fighting       | 1 2 3 4 5 |  5.2
Necromancy     | 5 6 7 |  7.3
Spellcasting   | 3 4 5 |  5.2
Dodging        | |  1.7
Stealth        | |  1.7

Action                     |  1- 3 |  4- 6 |  7- 9 || total
---------------------------+-------+-------+-------++-------
  Melee: Unarmed           |    41 |       |       ||    41
         Dagger            |     8 |    63 |    70 ||   141
         Punch             |       |     3 |     1 ||     4
   Cast: Necrotise         |    57 |    75 |    33 ||   165
    Use: Potion            |       |     2 |     5 ||     7
         Scroll            |       |       |     8 ||     8
   Stab: Sleeping          |       |     1 |       ||     1
 Armour: Robe              |    18 |    39 |    29 ||    86
  Dodge: Dodged            |    30 |    37 |    31 ||    98
  Block: Other             |       |     7 |     9 ||    16
